 Seeded DCSS version 0.30-a0-920-g7493c07aab (webtiles) character file.

Game seed: 3125986916090331667 (custom seed)

577 Parcival the Conjurer (level 7, -1/48 HPs)
             Began as a Human Conjurer on Mar 21, 2023.
             Killed by nerve-wracking pain
             ... invoked by an orc priest
              (12 damage)
             ... on level 4 of the Dungeon.
             The game lasted 00:12:59 (3843 turns).

Parcival the Conjurer (Human Conjurer)              Turns: 3843, Time: 00:13:00

Health: -1/48      AC:  3    Str: 13    XL:     7   Next: 62%
Magic:  21/21      EV: 12    Int: 23    God:
Gold:   169        SH:  0    Dex: 12    Spells: 8/13 levels left

rFire   . . .      SeeInvis +    d - +1 short sword "Roasunag" {venom, rElec MP+9 Int+3}
rCold   . . .      Faith    .    (no shield)
rNeg    . . .      Spirit   .    a - +0 robe
rPois   .          Reflect  .    (no helmet)
rElec   +          Rampage  .    (no cloak)
rCorr   .                        f - +0 pair of gloves of Kof Ohu {Slay+5 SInv}
Will    .....                    (no boots)
Stlth   ++                       g - amulet of magic regeneration
HPRegen 0.28/turn                i - +6 ring of strength
MPRegen 0.57/turn                o - ring of wizardry

@: lethally poisoned (-1 -> -3)
A: no striking features
a: no special abilities


You were on level 4 of the Dungeon.
You visited 1 branch of the dungeon, and saw 4 of its levels.

You collected 169 gold pieces.

Inventory:

Hand Weapons
 c - a +1 heavy dagger
 d - the +1 short sword "Roasunag" (weapon) {venom, rElec MP+9 Int+3}
   (You acquired it on level 1 of the Dungeon)

   Int:       It affects your intelligence (+3).
   rElec:     It insulates you from electricity.
   MP:        It affects your magic capacity (+9).
Armour
 a - a +0 robe (worn)
 f - the +0 pair of gloves of Kof Ohu (worn) {Slay+5 SInv}
   (You acquired it on level 2 of the Dungeon)

   Slay:      It affects your accuracy & damage with ranged weapons and melee
   (+5).
   SInv:      It lets you see invisible.
Jewellery
 g - an amulet of magic regeneration (around neck)
 i - a +6 ring of strength (left hand)
 o - a ring of wizardry (right hand)
 r - an amulet of guardian spirit
 v - an amulet of reflection
Wands
 m - a wand of flame (20)
Scrolls
 e - 2 scrolls of teleportation
 j - a scroll of enchant weapon
Potions
 b - a potion of magic
 k - a potion of resistance
 l - a potion of lignification
 n - 2 potions of degeneration
 p - a potion of might {unknown}
 u - a potion of brilliance {unknown}


   Skills:
 + Level 1.6 Fighting
 + Level 2.0 Short Blades
 + Level 3.2 Dodging
 + Level 3.2 Stealth
 + Level 3.9 Spellcasting
 + Level 6.1 Conjurations


You had 8 spell levels left.
You knew the following spells:

 Your Spells              Type           Power      Damage    Failure   Level
a - Magic Dart            Conj           100%       1d8       1%          1
b - Searing Ray           Conj           64%        2d6       1%          2
c - Passwall              Tmut/Erth      3%         N/A       6%          2

Your spell library contained the following spells:

 Spells                   Type           Power      Damage    Failure   Level
 Momentum Strike          Conj/Tloc      36%        3d9       1%          2
 Dazzling Flash           Conj/Hex       36%        N/A       3%          3
 Stone Arrow              Conj/Erth      36%        3d9       3%          3
 Sandblast                Erth           8%         2d5       4%          1
 Sublimation of Blood     Necr           4%         N/A       6%          2
 Flame Wave               Conj/Fire      18%        2d7       12%         4
 Fulminant Prism          Conj/Hex       9%         3d6       12%         4
 Iskenderun's Mystic Bla  Conj/Tloc      18%        2d6       12%         4
 Sticky Flame             Conj/Fire      18%        2d4       12%         4
 Gell's Gravitas          Tloc           4%         N/A       13%         3
 Inner Flame              Hex/Fire       4%         N/A       13%         3
 Portal Projectile        Hex/Tloc       8%         N/A       13%         3
 Irradiate                Conj/Tmut      9%         3d14      32%         5
 Ice Form                 Ice/Tmut       4%         N/A       38%         4
 Petrify                  Tmut/Erth      4%         N/A       38%         4
 Dragon Form              Tmut           2%         N/A       100%        7


Dungeon Overview and Level Annotations

Branches:
Dungeon (4/15)
 Temple: D:4-7

Altars:
Hepliaklqana
Okawaru

Shops:
D:3 :


Message History

You kill the orc!
The orc priest miscasts a cantrip.
You hit the orc.
The orc is poisoned.
The orc is almost dead.
You kill the orc!
The adder barely misses you.
The orc priest begins to cast a cantrip, but forgets the words!
The adder bites you.
Items here: )))) [ ††.
You hit the adder.
The adder is poisoned.
Your punch misses the adder.
The adder is moderately wounded.
The adder bites you but does no damage.
You barely miss the adder.
The adder is moderately wounded.
The adder closely misses you.
You hit the adder but do no damage.
The adder is moderately wounded.
The adder misses you.
You completely miss the adder.
The adder is heavily wounded.
The adder bites you but does no damage.
You miss the adder.
The adder is heavily wounded.
The adder barely misses you. The adder bites you.
* * * LOW HITPOINT WARNING * * *
You are poisoned.
The adder poisons you!
You hit the adder.
You kill the adder!
You feel sick.
You hit the orc priest.
The orc priest is moderately wounded.
You feel sick. The orc priest hits you with a +0 mace.
* * * LOW HITPOINT WARNING * * *
You hit the orc priest.
The orc priest is poisoned.
The orc priest is heavily wounded.
You feel sick.
The orc priest mumbles some strange prayers to Beogh against you.
Pain shoots through your body!
You die...

######## #......# #
#......# .. #......#####
... #......#.(.# ....
#.....(#.#.### ## .....
#......#...[.# #. ###
......##.....[###.#.###.
#..+
......o@......'.........
#..#
......##......###.#.###.
..# ..... #......# #<#.#
#. ##....# ....
#......#####.###. # .?#
... #......##....)... #
# .. #......##.#..#... .
#########.#..#.##
#.#...... #.##.####


You could see an orc priest (very poisoned).

Vanquished Creatures
  A water moccasin (D:4)
  A centaur (D:4)
  A scorpion (D:4)
  A jelly (D:4)
  An orc priest (D:4)
  2 iguanas (D:4)
  A sleepcap (D:4)
  Natasha (thrice) (D:2)
  A gnoll (D:1)
  3 adders
  A worm (D:2)
  2 dart slugs
  3 orcs
  7 endoplasms
  2 giant cockroaches
  5 hobgoblins
  4 jackals (D:4)
  3 quokkas
  9 ball pythons
  4 bats
  2 frilled lizards
  9 goblins
  10 kobolds
  4 rats
  5 bushes (D:3)
85 creatures vanquished.

Vanquished Creatures (others)
  4 plants (D:3)
4 creatures vanquished.

Grand Total: 89 creatures vanquished

Notes
Turn   | Place    | Note
-------+----------+-------------------------------------------
     0 | D:1      | Parcival the Human Conjurer began the quest for the Orb.
     0 | D:1      | Reached XP level 1. HP: 13/13 MP: 3/3
    44 | D:1      | Identified a scroll of acquirement
    44 | D:1      | Acquired the +1 short sword "Roasunag" {venom, rElec MP+9
                  | Int+3}
   267 | D:1      | Reached XP level 2. HP: 19/19 MP: 5/5
   740 | D:1      | Reached XP level 3. HP: 24/24 MP: 6/6
   923 | D:2      | Learned a level 2 spell: Searing Ray
  1200 | D:2      | Reached XP level 4. HP: 30/30 MP: 7/7
  1448 | D:2      | Noticed Natasha
  1454 | D:2      | Killed Natasha
  1455 | D:2      | Reached skill level 5 in Conjurations
  1797 | D:2      | Acquired the +0 pair of gloves of Kof Ohu {Slay+5 SInv}
  1921 | D:2      | Noticed Natasha
  1924 | D:2      | Killed Natasha
  1925 | D:2      | Reached XP level 5. HP: 30/36 MP: 8/8
  1936 | D:2      | Noticed Natasha
  1950 | D:2      | Killed Natasha
  2032 | D:3      | Found an iron altar of Okawaru.
  2118 | D:3      | Identified the +1 chain mail of Supple Strength {Harm
                  | Str+3}
  2136 | D:3      | Found Digoh's Book Boutique.
  3037 | D:3      | Learned a level 2 spell: Passwall
  3102 | D:4      | Found a hazy altar of Hepliaklqana.
  3112 | D:4      | Noticed a water moccasin
  3124 | D:4      | Killed a water moccasin
  3125 | D:4      | Reached skill level 1 in Fighting
  3125 | D:4      | Reached skill level 1 in Short Blades
  3125 | D:4      | Reached XP level 6. HP: 34/43 MP: 10/10
  3255 | D:4      | Reached XP level 7. HP: 29/48 MP: 12/12
  3407 | D:4      | Acquired Ythra's Lectures on Amorphous Places
  3823 | D:4      | Reached skill level 6 in Conjurations
  3843 | D:4      | Killed from afar by an orc priest

Illustrated notes

Levels and vault maps discovered:
D:1:      amcnicky_arrival_single_pillar, layout_loops_cross,
          hangedman_glass_garden
D:2:      layout_loops_ring, dk_vineyard_1, uniq_natasha
D:3:      layout_basic, mainiacjoe_overflow_catwalk, serial_forest,
          infiniplex_forest_zigzag_1, infiniplex_forest_split,
          infiniplex_forest_end_double, infiniplex_forest_lined_room_,
          infiniplex_forest_corner_1, infiniplex_forest_lined_room_2,
          serial_shops, nicolae_shop_hallway_stairs
D:4:      layout_basic, old_standard_altar

Skill      XL: |  1  2  3  4  5  6  7 |
---------------+----------------------+-----
Conjurations   | 5 6 |  6.1
Fighting       | 1 |  1.6
Short Blades   | 1 2 |  2.0
Spellcasting   | 3 |  3.9
Dodging        | 3 |  3.2
Stealth        | 3 |  3.2

Action                     |  1- 3 |  4- 6 |  7- 9 || total
---------------------------+-------+-------+-------++-------
  Melee: Short sword       |     7 |   208 |    28 ||   243
         Punch             |       |     1 |       ||     1
   Cast: Magic Dart        |    50 |    52 |    11 ||   113
         Searing Ray       |       |     8 |     3 ||    11
    Use: Scroll            |     3 |     3 |     8 ||    14
         Potion            |       |     1 |     1 ||     2
   Stab: Sleeping          |       |     1 |       ||     1
 Armour: Robe              |     3 |     7 |     5 ||    15
  Dodge: Dodged            |     7 |    25 |    14 ||    46

Table legend: (Time is in decaauts)
 A = Elapsed time spent in this place.
 B = Non-inter-level travel time spent in this place.
 C = Inter-level travel time spent in this place.
 D = Time resting spent in this place.
 E = Time spent auto-exploring this place.
 F = Levels seen in this place.
 G = Mean time per level.
                   A        B        C        D        E       F      G
               +--------+--------+--------+--------+--------+-----+--------+
         Total |   3832 |   3490 |    342 |    322 |   2436 |   4 |  958.0 |
       Dungeon |   3832 |   3490 |    342 |    322 |   2436 |   4 |  958.0 |
               +--------+--------+--------+--------+--------+-----+--------+

Top non-repeatable levels by time:
     D:2: 1119 daAuts
     D:3: 1000 daAuts
     D:1: 912 daAuts
     D:4: 801 daAuts
